 Dungeon Crawl Stone Soup version 0.30-a0-857-gcaf70739d4 (webtiles) character file.

Game seed: 7167897068995061794

402 bthestone the Chopper (level 6, -2/49 HPs)
             Began as a Demonspawn Berserker on Mar 5, 2023.
             Was a Believer of Trog.
             Succumbed to an adder's poison
             ... on level 5 of the Dungeon.
             The game lasted 00:14:21 (5472 turns).

bthestone the Chopper (Demonspawn Berserker)        Turns: 5472, Time: 00:14:22

Health: -2/49      AC:  2    Str: 20    XL:     6   Next: 55%
Magic:  6/6        EV: 12    Int: 12    God:    Trog [**....]
Gold:   225        SH:  0    Dex: 12    Spells: 5/5 levels left

rFire   + + .      SeeInvis .    h - +1 broad axe
rCold   . . .      Faith    .    (no shield)
rNeg    . . .      Spirit   .    b - +0 animal skin
rPois   .          Reflect  .    (no helmet)
rElec   .          Rampage  .    j - scarf {rC+ rF+}
rCorr   +                        (no gloves)
Will    +....                    (no boots)
Stlth   ++                       (no amulet)
HPRegen 0.28/turn                o - ring of fire
MPRegen 0.10/turn                p - ring of resist corrosion

@: lethally poisoned (-2 -> -10)
A: demonic guardian 1, big brain 2, strong-willed 1
a: Renounce Religion, Berserk, Trog's Hand


You were on level 5 of the Dungeon.
You worshipped Trog.
Trog was pleased with you.
You visited 1 branch of the dungeon, and saw 5 of its levels.

You collected 225 gold pieces.

Inventory:

Hand Weapons
 a - a +0 falchion
 f - a +2 spear of venom
 h - a +1 broad axe (weapon)
Armour
 b - a +0 animal skin (worn)
 j - a scarf of resistance (worn)
 s - a scarf of invisibility
Magical Staves
 l - a staff of fire
Jewellery
 e - a ring of wizardry
 o - a ring of fire (left hand)
 p - a ring of resist corrosion (right hand)
Scrolls
 g - a scroll of amnesia {unknown}
 i - a scroll of identify {unknown}
 k - 6 scrolls of teleportation
 m - a scroll of blinking
Potions
 c - 4 potions of heal wounds
 d - 3 potions of curing {unknown}


   Skills:
 + Level 4.3 Fighting
 + Level 5.0 Axes
 + Level 2.0 Armour
 + Level 3.3 Dodging
 + Level 1.5 Stealth


You had 5 spell levels left.
You didn't know any spells.
Your spell library contained the following spells:

 Spells                   Type           Power      Damage    Failure   Level
 Ensorcelled Hibernation  Hex/Ice        0%         N/A       45%         2
 Passwall                 Tmut/Erth      0%         N/A       45%         2
 Swiftness                Air            0%         N/A       69%         3


Dungeon Overview and Level Annotations

Branches:
Dungeon (5/15)
 Temple: D:4-7

Altars:
Vehumet


Innate Abilities, Weirdness & Mutations

A weak demonic guardian rushes to your aid.
You have an extremely huge brain. (Int +4)
You are strong-willed. (Will+)


Message History

The adder is moderately wounded.
You feel sick. The adder bites you.
You are more poisoned.
The adder poisons you! The adder closely misses you.
You closely miss the adder.
The adder is moderately wounded.
You feel very sick. The adder bites you.
A demonic guardian appears!
The adder bites you.
* * * LOW HITPOINT WARNING * * *
You are more poisoned.
The adder poisons you!
You swap places.
* * * LOW HITPOINT WARNING * * *
You feel very sick.
Your ufetubus completely misses the adder.
Your ufetubus misses the adder. The adder barely misses your ufetubus.
You feel sick.
Your ufetubus hits the adder but does no damage.
Your ufetubus completely misses the adder.
The adder barely misses your ufetubus.
Your ufetubus hits the adder but does no damage.
Your ufetubus closely misses the adder.
You feel sick. The adder closely misses your ufetubus.
Your ufetubus misses the adder.
Your ufetubus barely misses the adder.
You swap places.
You feel sick.
Your ufetubus disappears in a puff of smoke!
The adder bites you.
* * * LOW HITPOINT WARNING * * *
You are more poisoned.
The adder poisons you!
Your ufetubus misses the adder.
Your ufetubus completely misses the adder.
You barely miss the adder.
The adder is lightly wounded.
* * * LOW HITPOINT WARNING * * *
You feel very sick.
Your ufetubus misses the adder. x2; The adder bites you but does no damage.
Your ufetubus hits the adder. x2; The adder misses you.
You barely miss the adder.
The adder is heavily wounded.
You die...

# #. .# ##. .#.
.... ...
#...####.# #
#......#.# .#
#.####.#.#####.#
##..............#
##.....#.........#
#.....<###.#5@##.#
####..........##S#
#
.............###s#
.####.....####


hl# ####.## .... ### ..... ....... ........ .......... You could see a black
bear, a scorpion, an iguana, an adder (ally target) and a friendly ufetubus
(summoned).

Vanquished Creatures
  2 ogres
  A phantom (D:4)
  2 adders
  2 worms (D:3)
  2 dart slugs
  4 orcs
  12 ball pythons
  5 bats
  6 endoplasms
  6 giant cockroaches
  3 hobgoblins
  2 jackals (D:1)
  11 kobolds
  5 quokkas
  3 frilled lizards
  11 goblins
  8 rats
  A bush (D:2)
86 creatures vanquished.

Vanquished Creatures (collateral kills)
  Terence (D:3)
  An adder (D:3)
  A worm (D:3)
  A hobgoblin (D:4)
  A rat (D:2)
5 creatures vanquished.

Vanquished Creatures (others)
  8 plants (D:2)
8 creatures vanquished.

Grand Total: 99 creatures vanquished

Notes
Turn   | Place    | Note
-------+----------+-------------------------------------------
     0 | D:1      | bthestone the Demonspawn Berserker began the quest for the
                  | Orb.
     0 | D:1      | Reached XP level 1. HP: 18/18 MP: 1/1
   160 | D:1      | Reached skill level 3 in Axes
   160 | D:1      | Gained mutation: A weak demonic guardian rushes to your
                  | aid. [demonic ancestry]
   160 | D:1      | Reached XP level 2. HP: 24/24 MP: 2/2
   575 | D:1      | Reached ** piety under Trog
   581 | D:1      | Reached XP level 3. HP: 21/29 MP: 3/3
  1647 | D:2      | Found a radiant altar of Vehumet.
  2260 | D:2      | Gained mutation: You are strong-willed. (Will+) [potion of
                  | mutation]
  2358 | D:3      | Gained mutation: You have an unusually large brain. (Int
                  | +2) [demonic ancestry]
  2358 | D:3      | Reached XP level 4. HP: 3/36 MP: 4/4
  3739 | D:3      | Noticed Terence
  3745 | D:3      | Killed Terence
  3753 | D:3      | Reached skill level 4 in Axes
  4217 | D:4      | Noticed an ogre
  4685 | D:4      | Killed an ogre
  4686 | D:4      | Reached skill level 1 in Stealth
  4686 | D:4      | Gained mutation: You have an extremely huge brain. (Int +4)
                  | [demonic ancestry]
  4686 | D:4      | Reached XP level 5. HP: 36/42 MP: 5/5
  4911 | D:4      | Noticed a phantom
  4934 | D:4      | Killed a phantom
  4935 | D:4      | Reached XP level 6. HP: 14/48 MP: 6/6
  5431 | D:5      | Entered Level 5 of the Dungeon
  5462 | D:5      | Reached skill level 5 in Axes
  5471 | D:5      | HP: 1/49 [poisoned by an adder]
  5472 | D:5      | Succumbed to an adder's poison

Illustrated notes

Levels and vault maps discovered:
D:1:      psy_arrival_fountain, layout_basic, nicolae_eternal_life
D:2:      layout_basic, serial_forest, infiniplex_forest_lined_2,
          infiniplex_forest_lined_2, infiniplex_forest_diagonal,
          infiniplex_forest_end_3, infiniplex_forest_straight_2,
          infiniplex_forest_clump_diagonal, basic_altar
D:3:      wander_river, layout_basic, uniq_terence
D:4:      layout_cave_pools, grunt_decor_resistance
D:5:      minmay_skewed_foursquare, layout_loops_ring,
          nicolae_overflow_crystal_walls

Skill      XL: |  1  2  3  4  5  6 |
---------------+-------------------+-----
Axes           | 3 4 5 |  5.0
Dodging        | 2 3 |  3.3
Armour         | 2 |  2.0
Fighting       | 4 |  4.3
Stealth        | 1 |  1.5

Action                     |  1- 3 |  4- 6 || total
---------------------------+-------+-------++-------
  Melee: Hand axe          |   307 |       ||   307
         Punch             |     5 |     1 ||     6
         Broad axe         |    26 |   112 ||   138
    Use: Scroll            |     7 |     1 ||     8
         Potion            |     5 |     1 ||     6
   Stab: Sleeping          |     3 |     3 ||     6
 Armour: Animal skin       |    34 |    21 ||    55
  Dodge: Dodged            |   127 |   100 ||   227

Table legend: (Time is in decaauts)
 A = Elapsed time spent in this place.
 B = Non-inter-level travel time spent in this place.
 C = Inter-level travel time spent in this place.
 D = Time resting spent in this place.
 E = Time spent auto-exploring this place.
 F = Levels seen in this place.
 G = Mean time per level.
                   A        B        C        D        E       F      G
               +--------+--------+--------+--------+--------+-----+--------+
         Total |   5587 |   5587 |      0 |   1631 |   2374 |   5 | 1117.4 |
       Dungeon |   5587 |   5587 |      0 |   1631 |   2374 |   5 | 1117.4 |
               +--------+--------+--------+--------+--------+-----+--------+

Top non-repeatable levels by time:
     D:3: 2455 daAuts
     D:2: 1162 daAuts
     D:1: 1140 daAuts
     D:4: 783 daAuts
     D:5: 44 daAuts
